 Dungeon Crawl Stone Soup version 0.29.1-2-gbd0b4ee654 (webtiles) character file.

Game seed: 4593440158616552542

98 qeuew the Poker (level 4, 0/37 HPs)
             Began as a Merfolk Monk on Nov 11, 2022.
             Was a Plaything of Xom.
             Succumbed to an orc's poison
             ... on level 3 of the Dungeon.
             The game lasted 00:02:03 (1742 turns).

qeuew the Poker (Merfolk Monk)                      Turns: 1742, Time: 00:02:03

Health: 0/37       AC:  3    Str: 13    XL:     4   Next: 69%
Magic:  4/4        EV: 15    Int:  9    God:    Xom [..*...]
Gold:   62         SH:  0    Dex: 22    Spells: 3/3 levels left

rFire   . . .      SeeInvis .   a - +0 spear
rCold   . . .      Faith    .   (no shield)
rNeg    . . .      Spirit   .   b - +1 robe
rPois   .          Reflect  .   (no helmet)
rElec   .          Harm     .   (no cloak)
rCorr   .          Rampage  .   (no gloves)
Will    +....                   (no boots)
Stlth   ++........              (no amulet)
HPRegen 0.12/turn               i - +6 ring of dexterity
MPRegen 0.09/turn               d - ring of willpower

@: lethally poisoned (0 -> -15), unable to read
A: (nimble swimmer 2), mertail, inability to read after injury 1
a: Renounce Religion


You were on level 3 of the Dungeon.
You worshipped Xom.
You were a toy of Xom.
You visited 1 branch of the dungeon, and saw 3 of its levels.

You collected 62 gold pieces.

Inventory:

Hand Weapons
 a - a +0 spear (weapon)
Armour
 b - a +1 robe (worn)
Jewellery
 d - a ring of willpower (right hand)
 i - a +6 ring of dexterity (left hand)
Potions
 c - a potion of ambrosia
 f - a potion of magic


   Skills:
 + Level 4.0 Fighting
 + Level 4.9 Polearms
 + Level 1.2 Armour
 + Level 4.9 Dodging
 - Level 2.1 Stealth


You had 3 spell levels left.
You didn't know any spells.
Your spell library was empty.

Dungeon Overview and Level Annotations

Branches:
Dungeon (3/15)

Altars:
Xom


Innate Abilities, Weirdness & Mutations

((You are very nimble when in or above water. (Stealth+, EV+, Speed+++)))
Your lower body shifts to a powerful aquatic tail in water.
You occasionally lose the ability to read scrolls when taking damage.


Message History

The orc completely misses you.
You are too injured to fight recklessly!
You are too injured to fight recklessly!
You are too injured to fight recklessly!
You are too injured to fight recklessly!
You are too injured to fight recklessly!
You are too injured to fight recklessly!
You are too injured to fight recklessly!
You are too injured to fight recklessly!
You are too injured to fight recklessly!
You are too injured to fight recklessly!
You are too injured to fight recklessly!
You are too injured to fight recklessly!
You are too injured to fight recklessly!
You are too injured to fight recklessly!
You are too injured to fight recklessly!
You hit the orc.
The orc is heavily wounded.
You closely miss the orc.
The orc is heavily wounded.
The orc barely misses you.
You hear some strange, mumbled words.
A magic dart appears from out of thin air!
The magic dart hits you. The orc closely misses you.
The orc hits you with a +0 whip.
You hit the orc.
The orc is almost dead.
The orc hits you with a +0 whip.
* * * LOW HITPOINT WARNING * * *
Something hits you.
* * * LOW HITPOINT WARNING * * *
The orc hits you from afar with a +1 trident of venom.
You feel threatened and lose the ability to read scrolls!
* * * LOW HITPOINT WARNING * * *
You are lethally poisoned!
The orc misses you.
You closely miss the orc.
The orc is almost dead.
You die...
Xom snickers!

. #.# .
... .##.#
.!.# #..#
#oo# #
#oo#
#.##{@#
#.....##
#......#
....###<##
.?. #.# ##
#.# ...
###


You could see 4 orcs.

Vanquished Creatures
  Crazy Yiuf (D:2)
  2 adders (D:2)
  3 worms (D:2)
  A dart slug (D:1)
  3 ball pythons
  4 endoplasms (D:2)
  4 giant cockroaches
  3 goblins (D:2)
  4 hobgoblins
  A jackal (D:2)
  2 quokkas (D:2)
  5 frilled lizards
  A kobold (D:1)
  6 rats
40 creatures vanquished.

Notes
Turn   | Place    | Note
-------+----------+-------------------------------------------
     0 | D:1      | qeuew the Merfolk Monk began the quest for the Orb.
     0 | D:1      | Reached XP level 1. HP: 18/18 MP: 1/1
   170 | D:1      | Reached XP level 2. HP: 14/24 MP: 2/2
   540 | D:1      | Found a faded altar of an unknown god.
   574 | D:1      | Prayed at the altar of an unknown god.
   574 | D:1      | Became a worshipper of Xom of Chaos
   680 | D:1      | XOM: smoke on damage
   708 | D:2      | XOM: potion effect (haste)
   709 | D:2      | XOM: potion effect (invisibility)
   741 | D:2      | Reached XP level 3. HP: 30/30 MP: 3/3
   932 | D:2      | Reached skill level 1 in Armour
  1026 | D:2      | Reached XP level 4. HP: 36/37 MP: 4/4
  1277 | D:2      | Found a runed translucent door.
  1278 | D:2      | Noticed Crazy Yiuf
  1522 | D:2      | XOM: cast spell 'Call Canine Familiar'
  1526 | D:2      | XOM: butterfly on damage
  1531 | D:2      | Killed Crazy Yiuf
  1536 | D:2      | Gained mutation: You occasionally lose the ability to read
                  | scrolls when taking damage. [potion of mutation]
  1742 | D:3      | Succumbed to an orc's poison

Illustrated notes

Levels and vault maps discovered:
D:1:      tarquinn_simple_flora_water_a, layout_rooms,
          hellmonk_ecumenical_altar_pennies_from_heaven, serial_curves,
          eino_curves_04, eino_curves_01, minivault_11
D:2:      layout_rooms, chequers_serial_rivers_large_a, minmay_cut_off,
          uniq_crazy_yiuf_cottage
D:3:      layout_basic, vehumet_statue, kennysheep_slug_shrine,
          nicolae_ru_the_path_less_chosen, ebering_dispersal_statue_hall

Skill      XL: |  1  2  3  4 |
---------------+-------------+-----
Armour         | 1 |  1.2
Fighting       | 4 |  4.0
Polearms       | |  4.9
Dodging        | |  4.9
Stealth        | |  2.1

Action                   |  1- 3 |  4- 6 || total
-------------------------+-------+-------++-------
Melee: Spear             |   117 |    67 ||   184
       Punch             |     4 |       ||     4
       Tailslap          |       |     1 ||     1
  Use: Scroll            |     3 |     3 ||     6
       Potion            |     1 |     1 ||     2
 Stab: Sleeping          |     6 |     1 ||     7
       Invisible         |    11 |       ||    11
       Paralysed         |       |     4 ||     4
Armor: Robe              |     5 |     5 ||    10
Dodge: Dodged            |    43 |    45 ||    88
